 Dungeon Sprint DCSS version 0.27-a0-1158-gaa87e14f67 (webtiles) character file.

Game seed: 8669952054104655192

2 Zeld the Gusty (level 1, -8/12 HPs)
             Began as an Octopode Air Elementalist on May 16, 2021.
             Killed by nerve-wracking pain
             ... invoked by Jessica
              (12 damage)
             ... in the Dungeon (Sprint III: "The Ten Rune Challenge").
             The game lasted 00:00:24 (259 turns).

Zeld the Gusty (Octopode Air Elementalist)           Turns: 259, Time: 00:00:25

Health: -8/12      AC:  1    Str:  7    XL:     1   Next: 40%
Magic:  1/3        EV: 13    Int: 17    God:
Gold:   0          SH:  0    Dex: 12    Spells: 3/4 levels left

rFire    . . .     SeeInvis .   (no weapon)
rCold    . . .     Faith    .   (no shield)
rNeg     . . .     Spirit   .   (helmet restricted)
rPois    .         Reflect  .   (no amulet)
rElec    .         Harm     .   (no ring)
rCorr    .         Rampage  .   (no ring)
Will     .....     NoTele   +   (no ring)
Stlth    +++.......             (no ring)
HPRegen  0.04/turn              (no ring)
MPRegen  0.08/turn              (no ring)
                                (no ring)
                                (no ring)

@: no status effects
A: almost no armour, amphibious, 8 rings, camouflage 1, gelatinous body 1,
(nimble swimmer 1), tentacles
a: no special abilities


You were in the Dungeon.
You visited 1 branch

Inventory:

Scrolls
 g - a scroll of blinking
Potions
 b - a potion of curing
 c - a potion of heal wounds
 d - a potion of haste
 e - 2 potions of magic
 f - 3 potions of berserk rage


   Skills:
 + Level 0.9 Fighting
 + Level 2.3 Dodging
 - Level 2.6 Stealth
 + Level 2.2 Spellcasting
 - Level 1.0 Conjurations
 * Level 3.4 Air Magic


You had 3 spell levels left.
You knew the following spells:

 Your Spells              Type           Power      Damage    Failure   Level
a - Shock                 Conj/Air       36%        1d5       8%          1

Your spell library contained the following spells:

 Spells                   Type           Power      Damage    Failure   Level
 Static Discharge         Conj/Air       9%         N/A       12%         2
 Swiftness                Air            13%        N/A       14%         3
 Airstrike                Air            6%         N/A       41%         4
 Lightning Bolt           Conj/Air       4%         1d16      91%         5


Dungeon Overview and Level Annotations

Branches:
Dungeon (1/1)

Altars:

Annotations:
D Jessica


Innate Abilities, Weirdness & Mutations

You cannot wear most types of armour.
You are amphibious.
You can wear up to eight rings at the same time.
Your skin changes colour to match your surroundings (Stealth+).
Your rubbery body absorbs attacks. (AC +1, EV +1)
((You are camouflaged near water. (Stealth+)))
You have tentacles for arms and can constrict up to eight enemies at once.


Message History

Jessica completely misses you.
You tentacle-slap Jessica but do no damage.
You grab Jessica.
Jessica is lightly wounded.
You constrict Jessica. Jessica misses you.
You tentacle-slap Jessica but do no damage.
Jessica is moderately wounded.
You constrict Jessica, but do no damage.
Jessica hits you with a +0 dagger.
You tentacle-slap Jessica but do no damage.
Jessica is moderately wounded.
You constrict Jessica, but do no damage.
Jessica barely misses you.
You tentacle-slap Jessica but do no damage.
Jessica is moderately wounded.
You constrict Jessica. Jessica hits you with a +0 dagger.
You tentacle-slap Jessica. Your squeeze misses Jessica.
Jessica is heavily wounded.
You constrict Jessica.
Jessica casts a spell.
Jessica blinks free!
Jessica hits you with a +0 dagger.
You are too injured to fight recklessly!
You are too injured to fight recklessly!
You are too injured to fight recklessly!
You tentacle-slap Jessica but do no damage.
Your grab misses Jessica.
Jessica is severely wounded.
Jessica hits you with a +0 dagger.
You barely miss Jessica. You grab Jessica.
Jessica is severely wounded.
You constrict Jessica, but do no damage.
Jessica barely misses you.
You tentacle-slap Jessica but do no damage.
Jessica is severely wounded.
You constrict Jessica, but do no damage.
Jessica gestures at you while chanting. Pain shoots through your body!
Ouch! That really hurt!
You die...

▓▓▓▓▓▓▓▓▓
▓<..#[..####
▓...#......##
▓..##.......#
▓##.##.##..†#
##.##.###..#
▓#.####.##.@#
▓.###..##.@##
▓#.†...##..#
###..##...#
##..##....#
#..###..##
#..# #.. ▓▓▓▓
▓▓▓


You could see Jessica.

Vanquished Creatures
  An endoplasm (D)
  2 rats (D)
3 creatures vanquished.

Vanquished Creatures (others)
  5 plants (D)
5 creatures vanquished.

Grand Total: 8 creatures vanquished

Notes
Turn   | Place    | Note
-------+----------+-------------------------------------------
     0 | D        | Zeld the Octopode Air Elementalist began the quest for the
                  | Orb.
     0 | D        | Reached XP level 1. HP: 11/11 MP: 3/3
   244 | D        | Noticed Jessica
   259 | D        | Killed from afar by Jessica

Illustrated notes

Levels and vault maps discovered:
D:        dungeon_sprint_mu [sprint_mu_entry_cave, sprint_mu_temple_rooms,
          sprint_mu_d1_spiders, sprint_mu_d2_genie, sprint_mu_d3_branching,
          sprint_mu_orc_legion, sprint_mu_elf_gauntlet, sprint_mu_hive_nellie,
          sprint_mu_lair_fedhas, sprint_mu_vaults_butterflies,
          sprint_mu_slime_circle, sprint_mu_swamp_cave, sprint_mu_shoals_kraken,
          sprint_mu_blade_basic, sprint_mu_crypt_chambers,
          sprint_mu_tomb_spiral, sprint_mu_vestibule_basic,
          sprint_mu_gehenna_hellfire, sprint_mu_dis_giant,
          sprint_mu_tartarus_statrot, sprint_mu_cocytus_islands, sprint_mu_zot1]

Action                   || total
-------------------------++-------
Melee: Unarmed           ||    10
       Constrict         ||     2
 Cast: Shock             ||     9
Dodge: Dodged            ||     6

Table legend: (Time is in decaauts)
 A = Elapsed time spent in this place.
 B = Non-inter-level travel time spent in this place.
 C = Inter-level travel time spent in this place.
 D = Time resting spent in this place.
 E = Time spent auto-exploring this place.
 F = Levels seen in this place.
 G = Mean time per level.
                   A        B        C        D        E       F      G
               +--------+--------+--------+--------+--------+-----+--------+
         Total |    259 |    259 |      0 |    212 |      0 |   1 |  259.0 |
       Dungeon |    259 |    259 |      0 |    212 |      0 |   1 |  259.0 |
               +--------+--------+--------+--------+--------+-----+--------+

Top non-repeatable levels by time:
       D: 259 daAuts
